 Dungeon Crawl Stone Soup version 0.26-a0-661-g406de6ba63 (webtiles) character file.

Game seed: 938050733342507460

166884 jasper the Severer (level 17, -1/159 HPs)
             Began as a Deep Dwarf Brigand on Oct 8, 2020.
             Was a High Priest of Elyvilon.
             Slain by a wolf spider (17 damage)
             ... on level 3 of the Spider Nest.
             The game lasted 00:52:58 (24021 turns).

jasper the Severer (Deep Dwarf Brigand)            Turns: 24021, Time: 00:52:59

Health: -1/159     AC: 27    Str: 29    XL:     17   Next: 30%
Magic:  30/30 (21) EV:  8    Int:  9    God:    Elyvilon [*****.]
Gold:   2523       SH:  0    Dex: 18    Spells: 16/16 levels left

rFire    + + .     SeeInvis .   A - +8 broad axe (vorpal)
rCold    . . .     Faith    .   k - +0 kite shield {rF+}
rNeg     + . .     Spirit   .   x - +2 plate armour {rF+}
rPois    +         Reflect  +   N - +2 helmet of Rioffum {+Blink +Inv Regen+ MP+9}
rElec    .         Harm     .   V - +0 cloak
rCorr    +         Rampage  .   Y - +1 pair of gloves
MR       ++++.                  b - +0 pair of boots of the Moon {MR++ Regen+ Int-2}
Stlth    ..........             c - amulet of Ufeppul {Reflect Str+6 Dex+4 SH+5}
HPRegen  0.00/turn              l - ring of poison resistance
MPRegen  0.22/turn              M - ring of resist corrosion

@: held, non-regenerating, studying Dodging
A: damage resistance, heal wounds, negative energy resistance 1, sense
surroundings 2, no regeneration
a: Heal Wounds, Lesser Healing, Heal Other, Purification, Greater Healing,
Divine Vigour, Divine Protection, Renounce Religion, Evoke Blink, Evoke
Invisibility


You were on level 3 of the Spider Nest.
You worshipped Elyvilon.
Elyvilon was extremely pleased with you.
You visited 5 branches of the dungeon, and saw 28 of its levels.
You also visited: Sewer, Bailey, Gauntlet and Volcano.

You collected 3634 gold pieces.
You spent 1111 gold pieces at shops.

Inventory:

Hand Weapons
 q - a +5 broad axe of protection
 z - a +0 broad axe
 A - a +8 vorpal broad axe (weapon)
Missiles
 y - 8 curare-tipped darts
 E - 94 boomerangs (quivered)
 W - a throwing net
Armour
 b - the +0 pair of boots of the Moon (worn) {MR++ Regen+ Int-2}
   (You found it on level 8 of the Dungeon)

   It affects your intelligence (-2).
   It affects your resistance to hostile enchantments.
   It increases your rate of regeneration.
 k - a +0 kite shield of fire resistance (worn)
 x - a +2 plate armour of fire resistance (worn)
 N - the +2 helmet of Rioffum (worn) {+Blink +Inv Regen+ MP+9}
   (You bought it in a shop on level 2 of the Orcish Mines)

   It affects your magic capacity (+9).
   It lets you turn invisible.
   It lets you blink.
   It increases your rate of regeneration.
 V - a +0 cloak (worn)
 Y - a +1 pair of gloves (worn)
Jewellery
 c - the amulet of Ufeppul (around neck) {Reflect Str+6 Dex+4 SH+5}
   (You found it on level 8 of the Dungeon)

   [amulet of reflection]

   It shields you and reflects attacks.
   It affects your strength (+6).
   It affects your dexterity (+4).
   It affects your SH (+5).
 i - the ring "Utumug" {rF+ rN+}
   (You bought it in a shop on level 2 of the Orcish Mines)

   [ring of positive energy]

   It protects you from fire.
   It protects you from negative energy.
 l - a ring of poison resistance (left hand)
 M - a ring of resist corrosion (right hand)
 X - an uncursed ring of positive energy
Wands
 e - a wand of polymorph (13)
 m - a wand of iceblast (9)
 t - a wand of flame (124)
 O - a wand of acid (15)
 R - a wand of disintegration (22)
 T - a wand of digging (13)
 U - a wand of paralysis (15)
Scrolls
 j - 10 scrolls of teleportation
 n - 16 scrolls of remove curse
 s - 2 scrolls of magic mapping
 v - 2 scrolls of holy word
 w - 8 scrolls of fog
 B - 8 scrolls of blinking
 C - a scroll of silence
 D - 6 scrolls of enchant armour
 H - 5 scrolls of immolation
 K - 5 scrolls of fear
 S - 2 scrolls of identify
Potions
 a - 2 potions of lignification
 d - 5 potions of magic
 f - 2 potions of resistance
 g - 2 potions of cancellation
 o - 4 potions of invisibility
 p - 11 potions of curing
 r - 5 potions of mutation
 u - 9 potions of haste
 F - 6 potions of brilliance
 G - 10 potions of heal wounds
 I - 7 potions of ambrosia
 J - 5 potions of stabbing
 P - 8 potions of might
 Q - 10 potions of flight
Books
 Z - a manual of Dodging
Miscellaneous
 h - a tin of tremorstones (inert)
 L - a lightning rod (4/4)


   Skills:
 + Level 12.1 Fighting
   Level 1.7 Short Blades
 - Level 18.0 Axes
 - Level 1.7 Throwing
 + Level 13.9 Armour
 + Level 11.2 Dodging
 - Level 4.8 Stealth
 - Level 15.0 Shields
 * Level 16.7 Invocations
 + Level 9.2 Evocations


You had 16 spell levels left.
You didn't know any spells.
Your spell library contained the following spells:

 Spells                   Type           Power        Failure   Level
 Animate Skeleton         Necr           #.....       94%         1
 Corona                   Hex            #......      94%         1
 Pain                     Necr           #...         94%         1
 Sting                    Tmut/Pois      #...         94%         1
 Summon Small Mammal      Summ           #...         94%         1
 Call Imp                 Summ           #.......     98%         2
 Ensorcelled Hibernation  Hex/Ice        #.....       98%         2
 Poisonous Vapours        Pois/Air       #.....       98%         2
 Slow                     Hex            #.......     98%         2
 Call Canine Familiar     Summ           #.......     100%        3
 Confusing Touch          Hex            #.......     100%        3
 Gell's Gravitas          Tloc           #.........   100%        3
 Ignite Poison            Fire/Tmut/Pois #.......     100%        3
 Inner Flame              Hex/Fire       #.......     100%        3
 Mephitic Cloud           Conj/Pois/Air  #.......     100%        3
 Portal Projectile        Hex/Tloc       #.....       100%        3
 Summon Guardian Golem    Hex/Summ       #.......     100%        3
 Vampiric Draining        Necr           #.........   100%        3
 Animate Dead             Necr           #.........   100%        4
 Cause Fear               Hex            #.........   100%        4
 Ice Form                 Ice/Tmut       #.......     100%        4
 Leda's Liquefaction      Hex/Erth       #.........   100%        4
 Olgreb's Toxic Radiance  Pois           #.......     100%        4
 Petrify                  Tmut/Erth      #.......     100%        4
 Summon Ice Beast         Ice/Summ       #.......     100%        4
 Summon Lightning Spire   Summ/Air       #.......     100%        4
 Agony                    Necr           #.......     100%        5
 Borgnjor's Vile Clutch   Necr/Erth      #.........   100%        5
 Metabolic Englaciation   Hex/Ice        #.........   100%        5
 Silence                  Hex/Air        #.........   100%        5
 Yara's Violent Unravell  Hex/Tmut       #.........   100%        5
 Freezing Cloud           Conj/Ice/Air   #.........   100%        6
 Ozocubu's Refrigeration  Ice            #.........   100%        6
 Shadow Creatures         Summ           N/A          100%        6
 Simulacrum               Ice/Necr       #.........   100%        6


Dungeon Overview and Level Annotations

Branches:
Dungeon (15/15)            Temple (1/1) D:6            Lair (6/6) D:11
  Swamp (0/4) Lair:2       Spider (4/4) Lair:3        Slime (0/5) Lair:5
    Orc (2/2) D:9             Elf (0/3) Orc:2        Vaults (0/5) D:14
 Depths (0/5) D:15          Sewer (visited)          Bailey (visited)
Volcano (visited)         Gauntlet (visited)

Altars:
Ashenzari
Cheibriados
Dithmenos
Elyvilon
Fedhas
Gozag
Hepliaklqana
Kikubaaqudgha
Makhleb
Nemelex Xobeh
Okawaru
Qazlal
Ru
Sif Muna
Trog
Uskayaw
Vehumet
Wu Jian
Xom
Yredelemnul
Zin
The Shining One
Beogh
Jiyva

Shops:
Orc:2 [(=*?

Portals:
Trove: D:11 (give 17 potions of curing)

Annotations:
D:4 2 transporters, GoodGuyCap's ghost, novice OpGl
D:14 Roxanne
Lair:1 exclusion: oklob plant
Lair:2 exclusion: oklob plant
Lair:4 exclusion: 4 oklob plants
Lair:5 3 runed translucent doors, Adireryl's ghost, journeyman HOFi


Innate Abilities, Weirdness & Mutations

You are resistant to damage.
You can heal yourself by infusing magical energy.
You resist negative energy. (rN+)
You passively map the area around you.
You do not regenerate.


Message History

The jumping spider pounces on you.
You are caught in a web!
The jumping spider barely misses you. The tarantella bites you!
* * * LOW HITPOINT WARNING * * *
The wolf spider hits you but does no damage.
The wolf spider bites you.
You are poisoned.
The wolf spider poisons you!
The wolf spider hits you but does no damage.
The wolf spider bites you!
* * * LOW HITPOINT WARNING * * *
The redback bites you!!
* * * LOW HITPOINT WARNING * * *
You take 45 damage, and have 11/159 hp.
MASSIVE DAMAGE!!
Unknown command.
Unknown command.
You feel better.
The jumping spider pounces on you but does no damage.
The jumping spider bites you but does no damage.
The wolf spider hits you!!
You die...

###..........#.#
#########............#
#{{{#{#{...^.........#
#{{#{{^...............
#{{{^#.........^.....
####{{..>...............
##{#.....................
#{{....sss...............
#{{.....@s.....=)...^....
##{......ss.....[.^....^..
#{#.......................
#{^....................^..
##{{..................^....
##{{.................[......
#{{{#.............=...^.....
###{.....^..................
##.#......................


You could see 2 wolf spiders, 2 jumping spiders, a tarantella and a redback
(berserk).

Vanquished Creatures
  Rupert (D:14)
  Agnes (D:15)
  2 entropy weavers
  Azrael (Spider:1)
  A red draconian (Volcano)
  A minotaur (Gauntlet)
  An ettin (D:13)
  4 fire dragons
  5 boulder beetles
  A hell beast (Gauntlet)
  2 hydras
  2 catoblepae
  An anaconda (D:13)
  4 centaur warriors
  An ogre mage (Volcano)
  9 two-headed ogres
  A vampire mage (D:15)
  9 death yaks
  2 tengu warriors (D:15)
  Urug (D:14)
  A spark wasp zombie (D:15)
  2 unseen horrors
  A golden dragon zombie (D:15)
  10 skeletal warriors
  A glowing orange brain (D:13)
  A wizard (D:15)
  An unseen horror (shapeshifter) (D:15)
  11 orb spiders
  A lindwurm (Lair:6)
  20 wolf spiders
  A necromancer (D:15)
  An orc knight (Bailey)
  A moth of wrath (Spider:2)
  5 cyclopes
  5 orc sorcerers (Orc:2)
  A deep elf mage (D:15)
  15 ugly things
  A manticore (D:6)
  A guardian serpent (Lair:6)
  12 elephants
  11 black mambas
  17 cane toads
  A gargoyle (D:8)
  5 torpor snails (Lair:6)
  A spriggan zombie (D:15)
  A minotaur zombie (Gauntlet)
  2 efreet
  5 rime drakes
  5 yaktaurs (D:13)
  A freezing wraith (D:13)
  4 demonic crawlers
  10 komodo dragons
  A queen bee (Lair:4)
  4 trolls
  27 jumping spiders
  15 hornets
  Prince Ribbit (Lair:1)
  4 tyrant leeches (Lair:6)
  9 meliai
  An ettin zombie (D:15)
  A slime creature (D:14)
  30 blink frogs
  15 dream sheep
  50 redbacks
  21 tarantellas
  A vampire (D:14)
  6 shadows
  5 fire elementals
  42 yaks
  12 wyverns
  5 basilisks
  A wraith (D:12)
  16 humans (D:14)
  Grum (D:10)
  5 vampire mosquitoes
  6 wargs (Orc:2)
  3 swamp worms (Lair:2)
  42 water moccasins
  6 hell hounds
  An acid dragon (D:13)
  11 ice beasts
  6 sky beasts
  A necrophage (D:8)
  22 orc warriors
  A phantom (D:13)
  8 black bears
  2 eyes of draining
  14 wolves
  10 ogres
  25 centaurs
  5 big kobolds
  Blork the orc (D:4)
  23 bullfrogs
  A water moccasin zombie (D:8)
  2 scorpions
  2 wyvern skeletons (D:13)
  44 killer bees
  11 wights
  5 howler monkeys
  7 electric eels
  A lava snake (D:14)
  2 crimson imps
  5 hounds
  A quasit (D:9)
  3 centaur zombies
  5 jellies
  36 orc wizards
  2 centaur skeletons
  A gnoll shaman (D:10)
  8 orc priests
  Jessica (D:3)
  Ijyb (D:3)
  Natasha (thrice) (D:2)
  5 iguanas
  A hell rat (Lair:4)
  11 worker ants
  A worker ant zombie (D:6)
  28 adders
  16 gnolls
  A river rat (Lair:4)
  A shadow imp (D:5)
  A white imp (D:10)
  3 ufetubi
  5 oozes (D:14)
  An adder zombie (D:8)
  2 worms
  A dart slug (D:2)
  4 leopard geckos
  69 orcs
  5 ball pythons
  9 giant cockroaches
  10 goblins
  21 hobgoblins
  4 jackals (D:8)
  4 quokkas
  8 bats
  7 frilled lizards
  A giant cockroach zombie (D:5)
  3 goblin skeletons (D:8)
  4 hobgoblin zombies (D:8)
  A jackal skeleton (D:6)
  A jackal zombie (D:8)
  31 kobolds
  A kobold skeleton (D:8)
  A leopard gecko skeleton (D:6)
  An orc zombie (D:8)
  5 rats
1073 creatures vanquished.

Vanquished Creatures (others)
  2 hydras
  Sonja (Orc:2)
  A cane toad (Lair:6)
  2 wyverns (Lair:6)
  A basilisk (Lair:6)
  A wolf (Lair:6)
  A killer bee (Lair:4)
  2 orc wizards
  4 orcs
  A kobold (D:14)
  84 fungi
  98 plants
  3 withered plants (D:15)
201 creatures vanquished.

Grand Total: 1274 creatures vanquished

Notes
Turn   | Place    | Note
-------+----------+-------------------------------------------
     0 | D:1      | jasper the Deep Dwarf Brigand began the quest for the Orb.
     0 | D:1      | Reached XP level 1. HP: 19/19 MP: 1/1
   152 | D:1      | Reached skill level 1 in Armour
   265 | D:1      | Reached XP level 2. HP: 26/26 MP: 2/2
   586 | D:2      | Reached XP level 3. HP: 30/33 MP: 3/3
   750 | D:2      | Noticed Natasha
   760 | D:2      | Killed Natasha
   760 | D:2      | Reached XP level 4. HP: 25/42 MP: 4/4
   791 | D:2      | Noticed Natasha
   797 | D:2      | Killed Natasha
   823 | D:2      | Noticed Natasha
   831 | D:2      | Killed Natasha
   831 | D:2      | Reached XP level 5. HP: 38/49 MP: 5/5
  1219 | D:3      | Noticed Jessica
  1225 | D:3      | Killed Jessica
  1404 | D:3      | Noticed Ijyb
  1418 | D:3      | Killed Ijyb
  1418 | D:3      | Reached skill level 1 in Axes
  1619 | D:3      | Reached skill level 2 in Axes
  1709 | D:3      | Noticed a sky beast
  1735 | D:3      | Killed a sky beast
  1735 | D:3      | Reached skill level 3 in Axes
  1735 | D:3      | Reached XP level 6. HP: 29/57 MP: 6/6
  1957 | D:4      | Reached skill level 4 in Axes
  1980 | D:4      | Noticed a +0 hand axe
  1980 | D:4      | Noticed a +0 hand axe
  1983 | D:4      | Found a hide-covered altar of Uskayaw.
  2091 | D:4      | Found a transporter.
  2097 | D:4      | Noticed GoodGuyCap's ghost (novice OpGl)
  2099 | D:4      | Found a transporter.
  2169 | D:4      | Noticed Blork the orc
  2180 | D:4      | Killed Blork the orc
  2180 | D:4      | Reached skill level 5 in Axes
  2180 | D:4      | Reached XP level 7. HP: 35/63 MP: 7/7
  2664 | D:4      | Found a shimmering blue altar of Sif Muna.
  2712 | D:4      | Reached skill level 6 in Axes
  2841 | D:5      | Entered Level 5 of the Dungeon
  2995 | D:5      | Reached skill level 7 in Axes
  3077 | D:5      | Found a glowing drain.
  3088 | Sewer    | Entered a sewer
  3331 | Sewer    | Reached skill level 8 in Axes
  3331 | Sewer    | Reached XP level 8. HP: 48/72 MP: 8/8
  3425 | D:5      | Found a broken altar of Ashenzari.
  3686 | D:6      | Reached skill level 9 in Axes
  3794 | D:6      | Noticed a manticore
  3820 | D:6      | Killed a manticore
  3820 | D:6      | Reached skill level 10 in Axes
  4079 | D:6      | Found a staircase to the Ecumenical Temple.
  4100 | Temple   | Entered the Ecumenical Temple
  4270 | D:6      | Reached skill level 11 in Axes
  4480 | D:6      | Found a glowing golden altar of the Shining One.
  4483 | D:6      | Found a stormy altar of Qazlal.
  4715 | D:7      | Gained mutation: You passively map the area around you.
                  | [Deep Dwarf growth]
  4715 | D:7      | Reached XP level 9. HP: 60/78 MP: 6/6
  4859 | D:7      | Found a bloodstained altar of Trog.
  4982 | D:7      | Found a sacrificial altar of Ru.
  5247 | D:8      | Found a glowing golden altar of the Shining One.
  5307 | D:8      | Noticed a gargoyle
  5328 | D:8      | Reached skill level 12 in Axes
  5329 | D:8      | Killed a gargoyle
  5346 | D:8      | Reached skill level 5 in Armour
  5347 | D:8      | Noticed a white ugly thing
  5375 | D:8      | Killed a white ugly thing
  5375 | D:8      | Reached skill level 5 in Fighting
  5403 | D:8      | Found the +8 arc blade {discharge, rElec}
  5423 | D:8      | Got a pair of fading boots
  5429 | D:8      | Identified the +0 pair of boots of the Moon {MR++ Regen+
                  | Int-2} (You found it on level 8 of the Dungeon)
  5430 | D:8      | Got a shimmering iron amulet
  5442 | D:8      | Identified the amulet of Ufeppul {Reflect Str+6 Dex+4 SH+5}
                  | (You found it on level 8 of the Dungeon)
  5486 | D:8      | Noticed a boulder beetle
  5510 | D:8      | Killed a boulder beetle
  5510 | D:8      | Reached XP level 10. HP: 45/92 MP: 4/4
  6248 | Temple   | Became a worshipper of Elyvilon the Healer
  6316 | D:9      | Reached skill level 1 in Invocations
  6659 | D:9      | Noticed a two-headed ogre
  6671 | D:9      | Killed a two-headed ogre
  6671 | D:9      | Reached skill level 5 in Invocations
  6778 | D:9      | Reached * piety under Elyvilon
  6940 | D:9      | Found a radiant altar of Vehumet.
  6941 | D:9      | Found a burning altar of Makhleb.
  7096 | D:9      | Found a staircase to the Orcish Mines.
  7138 | D:10     | Entered Level 10 of the Dungeon
  7390 | D:10     | Reached XP level 11. HP: 26/103 MP: 7/7
  7598 | D:10     | Noticed Grum
  7613 | D:10     | Killed Grum
  7765 | D:10     | Noticed a two-headed ogre
  7778 | D:10     | Killed a two-headed ogre
  7865 | D:11     | Reached ** piety under Elyvilon
  7908 | D:11     | Killed an unseen horror
  7930 | D:11     | Identified a scroll of acquirement
  7933 | D:11     | Acquired a +1 vorpal broad axe
  7956 | D:11     | Noticed a four-headed hydra
  7963 | D:11     | Killed a four-headed hydra
  7963 | D:11     | Reached skill level 1 in Shields
  7968 | D:11     | Noticed a white ugly thing
  7980 | D:11     | Killed a white ugly thing
  8100 | D:11     | Noticed a brown ugly thing
  8125 | D:11     | Killed a brown ugly thing
  8160 | D:11     | Found a staircase to the Lair.
  8310 | D:11     | You fall into a shaft and drop 2 floors!
  8539 | D:13     | Noticed an eight-headed hydra
  8540 | D:13     | Pacified an eight-headed hydra
  8540 | D:13     | Reached skill level 10 in Armour
  8685 | D:13     | Noticed a four-headed hydra
  8688 | D:13     | Pacified a four-headed hydra
  8688 | D:13     | Reached skill level 5 in Shields
  8759 | D:13     | Reached skill level 13 in Axes
  8818 | D:13     | Noticed a five-headed hydra
  8846 | D:12     | Reached XP level 12. HP: 93/112 MP: 10/10
  9047 | D:12     | Reached *** piety under Elyvilon
  9587 | D:11     | Found a portal to a secret trove of treasure.
  9674 | D:11     | Noticed a two-headed ogre
  9684 | D:11     | Killed a two-headed ogre
  9843 | Lair:1   | Entered Level 1 of the Lair of Beasts
 10304 | Lair:1   | Noticed Prince Ribbit
 10452 | Lair:1   | Killed Prince Ribbit
 10452 | Lair:1   | Reached skill level 10 in Invocations
 10491 | Lair:2   | Reached **** piety under Elyvilon
 10491 | Lair:2   | Found a frozen archway.
 10602 | Lair:2   | Reached skill level 14 in Axes
 10620 | Lair:2   | Found a gate leading to a gauntlet.
 10641 | Gauntlet | Entered a Gauntlet
 10641 | Gauntlet | Found a transporter.
 10641 | Gauntlet | Found a transporter.
 10693 | Gauntlet | Found a transporter.
 10696 | Gauntlet | Found a transporter.
 10713 | Gauntlet | Found a transporter.
 10722 | Gauntlet | Found the +3 crown of Dyrovepreva {rElec Int+2 SInv}
 10722 | Gauntlet | Found a transporter.
 10725 | Gauntlet | Found a transporter.
 10737 | Gauntlet | Found a transporter.
 10742 | Gauntlet | Found a runed translucent door.
 10746 | Gauntlet | Noticed a hell beast
 10749 | Gauntlet | Found a transporter.
 10766 | Gauntlet | Found a transporter.
 10767 | Gauntlet | Found a transporter.
 10775 | Gauntlet | Found a transporter.
 10936 | Gauntlet | Killed a hell beast
 10980 | Gauntlet | Noticed a minotaur
 10991 | Gauntlet | Killed a minotaur
 11039 | Lair:2   | Reached XP level 13. HP: 60/122 MP: 13/13
 11662 | Lair:2   | Reached skill level 10 in Fighting
 11699 | Lair:2   | Found the +8 whip "Snakebite" {curare, rPois}
 11845 | Lair:2   | Found a staircase to the Swamp.
 12014 | Lair:3   | Reached skill level 15 in Axes
 12101 | Lair:3   | Found a hole to the Spider Nest.
 12114 | Lair:3   | Reached skill level 10 in Shields
 13208 | Lair:4   | Gained mutation: You resist negative energy. (rN+) [Deep
                  | Dwarf growth]
 13208 | Lair:4   | Reached XP level 14. HP: 117/133 MP: 15/15
 13571 | Lair:4   | Found the -2 hat of the Alchemist {rElec rPois rF+ rC+ rN+
                  | MR+ rMut rCorr}
 13695 | Lair:4   | Found a dark tunnel.
 13710 | Volcano  | Entered a volcano
 13737 | Volcano  | Reached skill level 16 in Axes
 14147 | Lair:5   | Found a runed translucent gate.
 14148 | Lair:5   | Noticed Adireryl's ghost (journeyman HOFi)
 14148 | Lair:5   | Found a runed translucent gate.
 14149 | Lair:5   | Found a runed translucent gate.
 14415 | Lair:5   | Reached skill level 17 in Axes
 14495 | Lair:5   | Found a viscous altar of Jiyva.
 14496 | Lair:5   | Found a staircase to the Slime Pits.
 15062 | Lair:6   | Entered Level 6 of the Lair of Beasts
 15251 | Orc:1    | Entered Level 1 of the Orcish Mines
 15430 | Orc:1    | Found a runed translucent door.
 15624 | Orc:1    | Reached ***** piety under Elyvilon
 15791 | Orc:1    | Found a roughly hewn altar of Beogh.
 15857 | Orc:2    | Entered Level 2 of the Orcish Mines
 15900 | Orc:2    | Found Daetes's Jewellery Shop.
 15911 | Orc:2    | Noticed an orc warlord
 15914 | Orc:2    | Pacified an orc warlord
 15965 | Orc:2    | Noticed Sonja
 15985 | Orc:2    | Killed Sonja
 15991 | Orc:2    | Reached skill level 18 in Axes
 16072 | Orc:2    | Found a staircase to the Elven Halls.
 16265 | Orc:2    | Found Dusm's General Store.
 16303 | Orc:2    | Bought a scroll of enchant weapon for 75 gold pieces
 16303 | Orc:2    | Bought a potion of heal wounds for 50 gold pieces
 16303 | Orc:2    | Bought a scroll of teleportation for 30 gold pieces
 16309 | Orc:2    | Found Neyvuol's Magic Scroll Shop.
 16322 | Orc:2    | Bought a scroll of fog for 28 gold pieces
 16322 | Orc:2    | Bought a scroll of enchant weapon for 105 gold pieces
 16322 | Orc:2    | Bought a scroll of teleportation for 42 gold pieces
 16351 | Orc:2    | Found an iron altar of Okawaru.
 16515 | Orc:2    | Found a roughly hewn altar of Beogh.
 16546 | Orc:2    | Found Osaran's Antique Weapon Shop.
 16546 | Orc:2    | Found Fayss's Antique Armour Emporium.
 16558 | Orc:2    | Bought a faintly humming helmet for 237 gold pieces
 16568 | Orc:2    | Identified the +2 helmet of Rioffum {+Blink +Inv Regen+
                  | MP+9} (You bought it in a shop on level 2 of the Orcish
                  | Mines)
 16790 | Orc:2    | Found a bloodstained altar of Trog.
 16914 | Orc:2    | Bought the ring "Utumug" {rF+ rN+} for 544 gold pieces
 17272 | Lair:6   | Reached XP level 15. HP: 88/140 MP: 16/16
 17574 | Lair:6   | Reached skill level 15 in Shields
 17581 | Lair:6   | Reached skill level 1 in Evocations
 18069 | Lair:6   | Reached skill level 5 in Dodging
 18276 | Lair:6   | Found a runed translucent door.
 18941 | D:14     | Found a gate to the Vaults.
 18941 | D:14     | Noticed Rupert
 18941 | D:14     | Noticed Urug
 18963 | D:14     | Killed Rupert
 18963 | D:14     | Reached skill level 5 in Evocations
 18970 | D:14     | Killed Urug
 19185 | D:14     | Reached XP level 16. HP: 147/150 MP: 18/18
 19264 | D:14     | Found a flagged portal.
 19272 | Bailey   | Entered a bailey
 19539 | Bailey   | Acquired 231 gold pieces
 19788 | D:14     | Found a white marble altar of Elyvilon.
 20048 | D:14     | Noticed Roxanne
 20194 | D:15     | Entered Level 15 of the Dungeon
 20194 | D:15     | Noticed Agnes
 20203 | D:15     | Killed Agnes
 20349 | D:15     | Found a hide-covered altar of Uskayaw.
 20429 | D:15     | Found a staircase to the Depths.
 20485 | D:15     | Reached skill level 15 in Invocations
 21495 | Spider:1 | Entered Level 1 of the Spider Nest
 21674 | Spider:1 | Noticed Azrael
 21688 | Spider:1 | Killed Azrael
 22055 | Spider:1 | Reached skill level 10 in Dodging
 23023 | Spider:1 | Reached XP level 17. HP: 103/159 MP: 21/21
 23361 | Spider:2 | Got a transparent lead ring
 23363 | Spider:2 | Identified the ring "Rinnysmi" {rC+ Str+3 Dex+2 Slay-6}
                  | (You found it on level 2 of the Spider Nest)
 23995 | Spider:4 | Entered Level 4 of the Spider Nest
 24021 | Spider:3 | Slain by a wolf spider

Illustrated notes

Levels and vault maps discovered:
D:1:      dpeg_arrival_oval, layout_rooms, chequers_serial_rivers_micro_e
D:2:      layout_basic, uniq_natasha
D:3:      layout_loops_ring, uniq_jessica, uniq_ijyb
D:4:      layout_basic, dancing_weapons_uskayaw, led_sif_pool,
          gammafunk_ghost_mausoleum, uniq_blork_the_orc
D:5:      layout_cave_pools, cheibrodos_ashenzari_chains, gup_sewer_entry_pipe
D:6:      layout_basic, minitemple, minmay_temple_entry_sparse_star,
          minmay_manual_mess
D:7:      layout_layer_cave, trog_ov_bears_minmay, kennysheep_mini_moat
D:8:      minmay_the_grid_square_5x5_3x3
          [minmay_the_grid_square_5x5_intrusive_squares,
          minmay_the_grid_square_5x5_meh,
          minmay_the_grid_square_5x5_sharp_hourglass,
          minmay_the_grid_square_5x5_inner_v,
          minmay_the_grid_square_5x5_megaprize_checkered,
          minmay_the_grid_square_5x5_plus, minmay_the_grid_square_5x5_longway,
          minmay_the_grid_square_5x5_checkered_statues,
          minmay_the_grid_square_5x5_mess], layout_basic,
          nicolae_tso_besieged_by_evil
D:9:      layout_loops_ring, grunt_temple_overflow_lords_of_destruction,
          erik_orc_2
D:10:     layout_basic, uniq_grum
D:11:     layout_irregular_city, due_lair_maze_entry_diamond, enter_trove_3
D:12:     layout_loops_cross
D:13:     layout_rooms, minivault_23
D:14:     layout_gridville, david_vaults_3, basic_altar, enter_bailey_3,
          serial_glass, glass_columns_a, glass_columns_a,
          nicolae_lava_and_water, hangedman_little_slice_of_home, uniq_roxanne
D:15:     gammafunk_depths_entry_grave, layout_grid_maze,
          chequers_serial_rivers_large_a, basic_altar, uniq_agnes
Temple:   cyrus_circular_temple
Lair:1:   layout_roguey, minmay_lair_oklob_items, grunt_megastairs_3,
          lemuel_fruit_tree, uniq_prince_ribbit2
Lair:2:   minmay_guarded_unrand_snakebite, layout_hall_layers,
          palyth_hydra_swamp_entry, gauntlet_entry_generic,
          portal_ice_cave_entry_ice_beasts, lemuel_fruit_fields,
          minmay_lair_oklob_chamber
Lair:3:   layout_layer_cave, spider_nest_entry_funnel_web, lemuel_fruit_fields
Lair:4:   hangedman_what_comes_after_a, layout_misc_corridors, enter_volcano_3,
          infiniplex_staircase_pool_2
Lair:5:   layout_gridlike, slime_altar_1, gammafunk_ghost_split
Lair:6:   hangedman_lair_tendril_chambers, layout_small_grid, wormcave,
          minivault_25, st_stairs_4, serial_bayou_pond_b
Spider:1: layout_spider_delve, uniq_azrael
Spider:2: layout_spider_delve
Spider:3: layout_spider_delve, spiders_nest_hornet_nest
Spider:4: grunt_spider_rune_circles
Orc:1:    layout_diamond_mine, serial_shops, lightli_church_of_beogh
Orc:2:    st_orc_town, layout_caves, basic_altar, serial_shops, shop,
          okawaru_metal_pillars_1_2, uniq_sonja

Skill      XL: |  1  2  3  4  5  6  7  8  9 10 11 12 13 14 15 16 17 |
---------------+----------------------------------------------------+-----
Fighting       | 2 3 6 7 8 9 10 11 12 | 12.1
Armour         | 1 2 3 7 9 10 11 12 13 | 13.9
Axes           | 3 5 8 11 12 13 14 15 18 | 18.0
Invocations    | 6 9 10 12 14 16 | 16.7
Shields        | 5 8 10 13 15 | 15.0
Dodging        | 2 3 7 10 11 | 11.2
Evocations     | 5 8 9 |  9.2
Short Blades   | |  1.7
Throwing       | |  1.7
Stealth        | |  4.8

Action                   |  1- 3 |  4- 6 |  7- 9 | 10-12 | 13-15 | 16-18 || total
-------------------------+-------+-------+-------+-------+-------+-------++-------
Melee: Dagger            |    94 |    72 |       |       |       |       ||   166
       War axe           |       |    38 |   233 |       |       |       ||   271
       Battleaxe         |       |       |    98 |   277 |       |       ||   375
       Broad axe         |       |       |       |   323 |  1173 |   617 ||  2113
Throw: Dart              |    11 |    32 |       |    16 |       |     1 ||    60
       Stone             |       |     3 |       |       |       |       ||     3
       Boomerang         |       |       |       |       |       |    10 ||    10
Invok: Lesser Healing    |       |       |       |    61 |   101 |    51 ||   213
       Heal Other        |       |       |       |     4 |    19 |       ||    23
       Greater Healing   |       |       |       |       |     2 |       ||     2
 Abil: Heal Wounds       |     1 |     3 |    17 |     5 |       |       ||    26
Evoke: Wand              |       |       |    10 |    20 |     7 |     7 ||    44
       Lightning rod     |       |       |       |       |     5 |     4 ||     9
       Tin of tremorston |       |       |       |       |       |     5 ||     5
  Use: Scroll            |       |       |    15 |    14 |    13 |     6 ||    48
       Potion            |       |       |     3 |       |     1 |     1 ||     5
 Stab: Sleeping          |     5 |       |       |     1 |       |       ||     6
       Petrified         |       |       |       |       |     3 |       ||     3
       Petrifying        |       |       |       |       |     1 |       ||     1
       Distracted        |       |       |       |       |       |     1 ||     1
Armor: Robe              |     7 |       |       |       |       |       ||     7
       Leather armour    |    15 |       |       |       |       |       ||    15
       Ring mail         |    11 |    12 |       |       |       |       ||    23
       Chain mail        |       |    55 |   241 |   358 |    65 |       ||   719
       Plate armour      |       |       |       |       |   324 |   281 ||   605
Dodge: Dodged            |    42 |    53 |   121 |   234 |   279 |   254 ||   983
Block: Other             |       |       |     2 |    76 |       |       ||    78
       Reflection        |       |       |       |    11 |    27 |    47 ||    85
       Buckler           |       |       |       |   184 |   226 |       ||   410
       Kite shield       |       |       |       |       |   505 |   630 ||  1135

Table legend: (Time is in decaauts)
 A = Elapsed time spent in this place.
 B = Non-inter-level travel time spent in this place.
 C = Inter-level travel time spent in this place.
 D = Time resting spent in this place.
 E = Time spent auto-exploring this place.
 F = Levels seen in this place.
 G = Mean time per level.
                   A        B        C        D        E       F      G
               +--------+--------+--------+--------+--------+-----+--------+
         Total |  23699 |  21512 |   2187 |     89 |  15355 |  32 |  740.6 |
       Dungeon |  12099 |  11084 |   1015 |     61 |   8100 |  15 |  806.6 |
        Temple |     64 |     47 |     17 |      0 |     43 |   1 |   64.0 |
          Lair |   6133 |   5511 |    622 |      3 |   3933 |   6 | 1022.2 |
   Spider Nest |   2448 |   1997 |    451 |     22 |   1398 |   4 |  612.0 |
  Orcish Mines |   1647 |   1567 |     80 |      0 |   1200 |   2 |  823.5 |
         Sewer |    372 |    372 |      0 |      0 |    196 |   1 |  372.0 |
        Bailey |    266 |    266 |      0 |      0 |    147 |   1 |  266.0 |
       Volcano |    289 |    289 |      0 |      0 |    170 |   1 |  289.0 |
      Gauntlet |    378 |    378 |      0 |      3 |    166 |   1 |  378.0 |
               +--------+--------+--------+--------+--------+-----+--------+

Top non-repeatable levels by time:
Spider:1: 1498 daAuts
  Lair:6: 1311 daAuts
  Lair:3: 1134 daAuts
  Lair:2: 1123 daAuts
    D:15: 1096 daAuts
   Orc:2: 1045 daAuts
  Lair:5: 967 daAuts
     D:4: 958 daAuts
     D:9: 952 daAuts
    D:14: 934 daAuts
    D:11: 891 daAuts
     D:6: 882 daAuts
  Lair:4: 879 daAuts
     D:8: 854 daAuts
    D:13: 807 daAuts
